Map: Snowy Mesa

Players

iPoSeiDon

  • Race: Protoss Protoss
  • League: Diamond
  • Spawn Location: 12:00

Qalo

  • Race: Terran Terran
  • Spawn Location: 12:00

Yata - Winner!

  • Race: Zerg Zerg
  • League: Silver
  • Spawn Location: 6:00

Myhome - Winner!

  • Race: Terran Terran
  • League: Diamond
  • Spawn Location: 6:00

VOD

Have the link to the VOD?

Description

Time

  • Played on: Aug. 26, 2017, 9:12 p.m.
  • Length: 26:12
Show
View Real Time Build Order
Export as new Build Order

iPoSeiDon Protoss 

Build Orders:  

Get SALT Encoding   

  12  0:01  Probe (Chrono Boost)  
  13  0:11  Probe (Chrono Boost)  
  14  0:22  Probe (Chrono Boost)  
  14  0:24  Pylon  
  15  0:42  Probe (Chrono Boost)  
  16  0:53  Forge  
  16  1:00  Gateway  
  16  1:11  Assimilator  
  16  1:12  Probe (Chrono Boost)  
  17  1:22  Pylon  
  17  1:34  Probe (Chrono Boost)  
  18  1:45  Probe (Chrono Boost)  
  18  1:46  Photon Cannon  
  19  2:05  Photon Cannon  
  19  2:11  Probe (Chrono Boost)  
  20  2:30  Probe (Chrono Boost)  
  21  2:42  Assimilator  
  21  2:50  Cybernetics Core  
  21  2:54  Nexus  
  21  2:55  Probe (Chrono Boost)  
  21  2:58  Pylon  
  22  3:07  Probe (Chrono Boost)  
  22  3:09  Photon Cannon  
  23  3:17  Probe (Chrono Boost)  
  24  3:27  Stargate  
  24  3:28  Probe (Chrono Boost)  
  25  3:36  Warp Gate  
  25  3:38  Probe (Chrono Boost)  
  26  3:49  Probe (Chrono Boost)  
  27  4:00  Mothership Core (Chrono Boost)  
  27  4:01  Pylon  
  29  4:04  Pylon  
  29  4:15  Phoenix  
  31  4:26  Stargate  
  31  4:29  Probe (Chrono Boost)  
  31  4:31  Probe (Chrono Boost)  
  33  4:40  Probe (Chrono Boost)  
  33  4:42  Assimilator  
  33  4:45  Pylon  
  34  4:46  Phoenix  
  34  4:52  Probe (Chrono Boost)  
  37  4:54  Probe (Chrono Boost)  
  38  5:02  Gateway  
  38  5:03  Probe (Chrono Boost)  
  39  5:14  Phoenix  
  41  5:15  Phoenix  
  43  5:38  Pylon  
  43  5:40  Phoenix  
  43  5:41  Pylon  
  45  6:14  Probe (Chrono Boost)  
  45  6:16  Probe (Chrono Boost)  
  45  6:17  Phoenix  
  49  6:18  Phoenix  
  49  6:24  Probe (Chrono Boost)  
  52  6:28  Assimilator  
  52  6:36  Nexus  
  52  6:38  Pylon  
  52  6:39  Pylon  
  52  6:44  Phoenix  
  52  6:45  Phoenix  
  56  6:49  Probe (Chrono Boost)  
  56  6:53  Assimilator  
  57  6:55  Assimilator  
  58  7:23  Probe x2 (Chrono Boost)  
  58  7:27  Fleet Beacon  
  58  7:28  Phoenix  
  61  7:33  Probe (Chrono Boost)  
  61  7:34  Probe (Chrono Boost)  
  63  7:44  Probe (Chrono Boost)  
  64  7:45  Probe (Chrono Boost)  
  65  7:54  Probe (Chrono Boost)  
  65  7:55  Probe (Chrono Boost)  
  67  8:05  Probe (Chrono Boost)  
  68  8:13  Carrier, Void Ray  
  78  8:20  Pylon  
  78  8:22  Stargate  
  78  8:28  Probe (Chrono Boost)  
  79  8:39  Probe x3 (Chrono Boost)  
  82  8:49  Probe (Chrono Boost)  
  82  8:55  Photon Cannon  
  83  8:57  Photon Cannon  
  83  9:00  Photon Cannon  
  83  9:02  Carrier, Photon Cannon  
  83  9:05  Carrier  
  83  9:07  Graviton Catapult  
  83  9:08  Pylon  
  95  9:10  Pylon  
  95  9:11  Probe (Chrono Boost)  
  95  9:15  Zealot  
  95  9:16  Zealot  
  100  9:21  Protoss Air Weapons Level 1 (Chrono Boost)  
  100  9:24  Cybernetics Core  
  100  9:26  Photon Cannon  
  100  9:28  Photon Cannon  
  100  9:38  Probe (Chrono Boost)  
  99  9:43  Probe x2 (Chrono Boost)  
  101  9:51  Nexus  
  101  10:14  Stargate  
  101  10:18  Stargate  
  101  10:22  Pylon  
  101  10:24  Pylon  
  101  10:39  Adept x2  
  103  11:03  Adept  
  65  11:12  Carrier x2  
  67  11:23  Carrier  
  35  11:43  Carrier x2, Protoss Air Armor Level 1 (Chrono Boost)  
  47  11:55  Probe  
  48  12:03  Probe  
  48  12:06  Probe  
  50  12:15  Probe  
  50  12:16  Probe  
  51  12:27  Pylon, Probe  
  51  13:27  Carrier x2  
  55  13:48  Carrier  
  61  13:51  Probe (Chrono Boost)  
  62  14:14  Probe (Chrono Boost)  
  62  14:15  Probe (Chrono Boost)  
  64  14:25  Probe (Chrono Boost)  
  65  14:53  Nexus  
  65  15:24  Carrier  
  71  15:33  Probe (Chrono Boost)  
  71  15:34  Probe (Chrono Boost)  
  67  16:17  Carrier, Probe (Chrono Boost)  
  74  16:42  Mothership Core (Chrono Boost)  
  76  17:29  Probe (Chrono Boost)  
  71  17:41  Probe (Chrono Boost)  
  72  18:19  Probe x2 (Chrono Boost)  
  74  18:34  Nexus  
  74  19:06  Carrier  
  80  19:33  Carrier  
  86  20:01  Nexus  
  86  20:22  Pylon  
  86  20:59  Probe (Chrono Boost)  
  87  21:36  Probe x2 (Chrono Boost)  
  89  21:51  Pylon  
  89  22:07  Twilight Council  
  89  22:33  Gateway  
  89  22:39  Gateway  
  83  23:18  Probe (Chrono Boost)  
  86  23:25  Templar Archives  
  84  23:27  Probe (Chrono Boost)  
  84  23:29  Probe (Chrono Boost)  
  86  23:42  Probe (Chrono Boost)  
  86  23:43  Probe (Chrono Boost)  
  87  24:09  Psionic Storm  
  87  24:10  Probe (Chrono Boost)  
  87  24:11  Probe x2 (Chrono Boost)  
  87  24:14  High Templar  
  86  24:30  High Templar  
  88  24:54  High Templar  
  90  25:15  High Templar  
Show
View Real Time Build Order
Export as new Build Order

Qalo Terran 

Build Orders: 1/1/1 

Get SALT Encoding   

  12  0:05  SCV  
  13  0:25  Supply Depot, SCV  
  14  0:36  Refinery  
  14  0:38  SCV  
  15  0:50  SCV  
  15  0:51  Barracks  
  16  1:02  SCV  
  17  1:14  SCV  
  18  1:26  SCV  
  19  1:44  Factory  
  19  1:55  Marine  
  20  2:02  Orbital Command  
  20  2:07  Supply Depot  
  20  2:08  Refinery  
  20  2:16  Marine  
  21  2:29  Factory Tech Lab, Starport  
  21  2:34  SCV  
  22  2:41  Marine  
  23  2:46  SCV  
  23  2:48  Supply Depot  
  24  2:57  Siege Tank  
  27  2:58  SCV  
  27  3:00  Marine  
  29  3:10  SCV  
  30  3:16  Medivac  
  30  3:18  Marine  
  33  3:36  Command Center  
  33  3:38  Supply Depot  
  34  3:41  SCV  
  34  3:47  Barracks  
  34  3:48  Marine  
  35  4:01  Engineering Bay  
  35  4:13  SCV  
  35  4:15  Siege Tank  
  39  4:24  Marine  
  39  4:25  SCV  
  39  4:30  Barracks  
  41  4:34  Barracks  
  41  4:38  Supply Depot x2  
  41  4:42  Marine  
  42  4:48  Marine  
  43  4:54  SCV  
  43  4:57  Orbital Command  
  44  5:00  Marine  
  44  5:06  SCV  
  46  5:07  Engineering Bay  
  46  5:18  SCV  
  47  5:30  SCV  
  47  5:32  Marine  
  46  5:42  SCV  
  39  6:00  Marine x4  
  42  6:17  Marine, SCV  
  42  6:18  SCV  
  47  6:28  Terran Infantry Armor Level 1, Terran Infantry Weapons Level 1  
  47  6:30  SCV  
  48  6:35  Barracks Reactor, Marine  
  46  6:40  Barracks Tech Lab  
  46  6:42  SCV  
  46  6:44  Barracks Tech Lab  
  47  6:53  Marine  
  47  6:54  SCV  
  46  7:04  Marine  
  46  7:05  Marauder  
  46  7:06  SCV  
  50  7:10  SCV  
  50  7:11  Marine  
  52  7:18  Starport Reactor, SCV  
  52  7:20  Sensor Tower, Refinery  
  52  7:22  Refinery, Marine, SCV  
  54  7:29  Marine  
  56  7:30  SCV  
  56  7:34  SCV  
  56  7:35  Refinery  
  58  7:55  Marine x2  
  58  7:56  Marauder  
  62  7:58  Marine  
  62  7:59  Marine  
  64  8:13  Armory, Marine x2  
  64  8:17  Marauder  
  64  8:18  Barracks  
  64  8:19  Combat Shields, Stimpack  
  68  8:20  Barracks  
  68  8:21  Supply Depot, SCV x2  
  68  8:24  Supply Depot  
  68  8:25  Supply Depot  
  70  8:38  Siege Tank  
  73  9:03  Barracks Reactor  
  73  9:06  Barracks Reactor  
  73  9:07  Barracks Reactor  
  73  9:14  Barracks  
  73  9:17  Barracks  
  73  9:34  Terran Infantry Weapons Level 2, Terran Infantry Armor Level 2  
  73  9:37  SCV x2  
  75  9:38  Command Center  
  75  9:48  Marine x10  
  75  9:49  SCV  
  75  9:51  Medivac  
  75  9:52  Medivac  
  90  10:02  SCV  
  90  10:03  Barracks, SCV  
  90  10:06  Barracks, Marine x5  
  97  10:21  Barracks Reactor, Medivac x2  
  97  10:22  Barracks Reactor  
  92  10:37  Command Center  
  71  10:46  Siege Tank  
  61  10:59  Marine x7  
  61  11:00  Marine x7  
  68  11:17  Marine x13  
  68  11:18  Siege Tank, Marine  
  85  11:34  Marine  
  85  11:35  Marine x13  
  93  11:52  Marine  
  93  11:53  Marine x4  
  92  11:58  Marine x9  
  99  12:10  Marine  
  99  12:11  Marine x2  
  99  12:13  Marine  
  102  12:30  Supply Depot  
  102  12:36  Command Center  
  102  12:51  Marine x8  
  110  13:09  Marine  
  110  13:10  Marine  
  110  13:11  Marine x2  
  110  13:12  Medivac x2, Marine x4  
  114  13:29  Marine  
  114  13:30  Marauder  
  107  13:47  Medivac x2, Command Center  
  111  14:11  Missile Turret  
  111  14:15  Missile Turret  
  111  14:17  Medivac x2  
  111  14:23  Marine  
  113  14:47  Medivac x2  
  113  15:17  Medivac x2  
  117  15:26  Marine  
  118  15:31  Orbital Command  
  118  15:33  Refinery  
  118  15:36  Refinery  
  118  15:47  Medivac x2  
  106  16:17  Medivac x2  
  106  16:27  Marine  
  106  16:28  Marine x5  
  106  16:29  Marauder  
  112  16:43  Marine x2  
  112  16:44  Marine, Marauder  
  112  16:46  Medivac  
  116  16:48  Marine x3  
  116  16:50  Marauder  
  115  16:57  Marine x2  
  114  17:04  Siege Tank  
  114  17:05  Marauder  
  114  17:12  Marauder  
  96  17:27  Marauder  
  92  17:33  Marauder  
  92  17:36  Siege Tank  
  97  17:39  SCV  
  97  17:40  SCV  
  99  17:48  Marine x9, Marauder  
  99  17:49  Marine x3  
  113  17:54  Marine  
  114  17:59  Command Center  
  114  18:05  Marine  
  114  18:06  Marine x6  
  114  18:08  Siege Tank  
  124  18:17  Marine  
  125  18:35  Marine x2  
  125  18:39  Marine x3  
  125  18:40  Marine  
  125  18:41  Marine  
  125  18:42  Marine x3  
  125  18:43  Marine x2  
  118  18:57  Marine  
  118  18:58  Marine x6  
  125  19:07  Supply Depot  
  125  19:08  Supply Depot  
  125  19:10  Marine x3  
  125  19:16  Terran Infantry Armor Level 3  
  59  19:27  Marine  
  59  19:28  Marine  
  58  19:49  Command Center  
  58  19:53  Medivac x2  
  62  20:26  Marine x2  
  62  20:27  Marine x8, Marauder  
  62  20:28  Marine  
  78  20:50  Siege Tank  
  78  21:02  Orbital Command  
  78  21:12  Refinery  
  78  21:16  Refinery  
  75  21:22  Siege Tank  
  75  21:24  Marine  
  75  21:25  Marine x10  
  84  21:26  Marine  
  87  21:43  Marine, Orbital Command  
  87  21:44  Marine x11, Marauder  
  87  21:45  Marine  
  103  21:47  SCV x2  
  104  21:59  Terran Infantry Weapons Level 3  
  104  22:02  Marauder  
  106  22:17  SCV x3  
  106  22:18  SCV  
  110  22:29  SCV x2  
  112  22:33  Marine  
  112  22:34  Marine x11  
  112  22:35  Marine, Marauder  
  127  22:41  SCV x2  
  129  22:51  Marine  
  129  22:52  Command Center  
  129  22:53  Siege Tank  
  50  23:20  SCV x4  
  50  23:25  Siege Tank  
  57  23:32  SCV x3  
  57  23:33  SCV  
  61  23:39  Refinery  
  61  23:41  Refinery  
  61  23:44  SCV x2  
  61  23:45  SCV x2  
  64  23:56  SCV  
  64  23:57  Siege Tank, SCV x3  
  70  24:04  Marine x3  
  70  24:05  Marine x8  
  70  24:08  SCV  
  70  24:09  SCV x2  
  84  24:16  Marine  
  75  24:20  Marine, SCV  
  75  24:21  SCV x2  
  75  24:22  Marine x4  
  74  24:29  Siege Tank  
  77  24:31  Barracks Reactor x2  
  77  24:34  Marine  
  77  24:35  Refinery  
  78  24:38  Marine  
  79  24:52  Medivac x2, Marine  
  84  24:56  Marine  
  85  25:01  Siege Tank  
  49  25:22  Medivac x2  
  32  25:33  Siege Tank  
  35  25:50  Marine x2  
  35  25:51  Marine, Marauder  
Show
View Real Time Build Order
Export as new Build Order

Yata Zerg - Winner!

Build Orders: Hatch First 

Get SALT Encoding   

  12  0:01  Drone  
  13  0:12  Overlord  
  13  0:17  Drone  
  14  0:31  Drone  
  14  0:32  Drone  
  16  0:37  Drone  
  17  1:04  Hatchery  
  16  1:15  Drone x3  
  19  1:29  Extractor  
  19  1:32  Spawning Pool  
  17  1:33  Drone  
  17  1:37  Drone  
  19  2:03  Drone x2  
  20  2:29  Zergling x8  
  23  2:40  Roach Warren  
  23  2:42  Extractor, Queen  
  23  2:49  Zergling x8  
  26  3:20  Overlord x3  
  26  3:38  Spine Crawler  
  25  3:53  Roach  
  25  3:54  Roach  
  26  4:10  Roach  
  26  4:11  Roach x2  
  28  4:24  Roach  
  30  4:35  Drone  
  31  4:44  Roach  
  33  4:48  Ravager x4  
  33  4:51  Roach  
  41  4:52  Roach  
  41  5:02  Roach x2  
  45  5:10  Overlord  
  41  5:38  Queen  
  43  5:48  Roach x2  
  43  5:49  Roach x4  
  52  6:01  Drone  
  52  6:02  Extractor  
  52  6:03  Spore Crawler x2  
  50  6:38  Hatchery  
  47  6:48  Roach  
  47  6:49  Roach  
  46  7:17  Overlord  
  46  7:18  Overlord  
  48  7:37  Roach  
  48  7:46  Drone  
  49  7:54  Drone  
  50  8:01  Drone  
  51  8:09  Drone  
  52  8:15  Drone  
  53  8:24  Drone  
  54  8:32  Drone  
  54  8:33  Drone  
  56  8:39  Drone  
  57  8:44  Drone  
  59  8:48  Drone  
  59  8:54  Drone  
  60  9:10  Overlord x2  
  60  9:28  Drone, Queen  
  60  9:29  Drone x3  
  66  9:45  Overlord  
  66  9:46  Overlord  
  66  9:57  Extractor  
  65  10:08  Roach  
  65  10:11  Overlord  
  64  10:43  Roach  
  64  10:44  Roach x5  
  67  10:57  Roach x2  
  71  11:08  Extractor  
  70  11:21  Roach x3  
  70  11:22  Hatchery  
  75  11:48  Overlord x3  
  75  11:54  Lair  
  75  12:00  Drone  
  76  12:02  Queen  
  76  12:21  Roach  
  76  12:22  Roach x2  
  82  12:25  Ravager  
  82  12:29  Drone x2  
  85  12:30  Drone  
  86  12:38  Queen  
  86  12:42  Drone x2  
  90  12:58  Hydralisk Den  
  89  13:07  Drone x3  
  89  13:09  Drone  
  89  13:10  Drone x2  
  95  13:16  Glial Reconstitution  
  95  13:32  Queen  
  97  13:38  Drone x4  
  97  13:39  Drone  
  102  13:47  Queen  
  104  13:49  Extractor  
  104  13:53  Extractor  
  102  14:02  Hydralisk x2  
  104  14:05  Overlord x2  
  106  14:25  Hydralisk x4  
  106  14:26  Hydralisk  
  116  14:32  Drone, Hydralisk  
  61  15:05  Spore Crawler x2  
  61  15:06  Spore Crawler x2  
  57  15:08  Spore Crawler  
  57  15:12  Spore Crawler  
  57  15:13  Hydralisk x5  
  57  15:14  Hydralisk  
  57  15:19  Hydralisk  
  71  15:28  Roach, Hydralisk  
  73  15:36  Hydralisk  
  73  15:37  Hydralisk  
  77  15:44  Muscular Augments  
  75  16:08  Zergling x2  
  75  16:09  Zergling x10  
  57  16:28  Roach x9  
  65  16:40  Roach x4  
  69  16:51  Hydralisk x2  
  71  16:59  Hydralisk x2  
  75  17:16  Hydralisk x3  
  75  17:17  Hydralisk  
  83  17:29  Hydralisk  
  83  17:30  Hydralisk x2  
  75  17:39  Hydralisk  
  75  17:40  Hydralisk  
  69  18:24  Roach  
  69  18:25  Roach x8  
  85  18:30  Roach x5  
  87  19:02  Hydralisk  
  85  19:03  Hydralisk x3  
  91  19:20  Overlord x2  
  91  19:28  Overlord  
  91  19:39  Drone  
  91  19:40  Drone x2  
  94  19:53  Ravager  
  94  19:57  Hydralisk  
  97  20:20  Hatchery  
  96  20:32  Hydralisk x2  
  100  20:41  Pneumatized Carapace  
  100  21:14  Drone x3  
  84  21:35  Hydralisk x4  
  84  21:36  Hydralisk x2  
  96  21:42  Evolution Chamber  
  96  21:46  Drone  
  96  21:48  Drone, Evolution Chamber  
  96  22:00  Hydralisk x2  
  100  22:05  Hydralisk x5  
  110  22:22  Spawning Pool  
  109  22:44  Hydralisk  
  109  22:45  Hydralisk  
  105  23:30  Hydralisk  
  105  23:31  Hydralisk x3  
  105  23:34  Overlord x4, Hatchery  
  112  23:42  Hatchery, Zerg Missile Weapons Level 1  
  112  23:43  Zerg Ground Armor Level 1  
  109  23:57  Hydralisk x11  
  119  24:04  Queen  
  121  24:10  Hydralisk x3  
  127  24:50  Hydralisk x2  
  111  25:21  Hydralisk  
  111  25:22  Hydralisk  
  93  25:36  Hydralisk  
Show
View Real Time Build Order
Export as new Build Order

Myhome Terran - Winner!

Build Orders: MMM Bio 

Get SALT Encoding   

  12  0:06  SCV  
  13  0:18  SCV  
  14  0:22  Supply Depot  
  14  0:30  SCV  
  15  0:45  Barracks, SCV  
  15  0:49  Refinery  
  16  0:57  SCV  
  17  1:10  SCV  
  18  1:22  SCV  
  19  1:32  Supply Depot  
  19  1:35  Orbital Command  
  19  2:04  Command Center  
  19  2:10  Barracks Reactor  
  18  2:20  Barracks  
  18  2:29  SCV  
  19  2:34  Factory  
  19  2:36  Refinery  
  19  2:41  SCV  
  20  2:50  Marine x2  
  22  2:53  SCV  
  23  3:05  SCV  
  24  3:08  Barracks  
  24  3:09  Marine, Barracks Tech Lab, Engineering Bay  
  24  3:11  Marine  
  26  3:19  Orbital Command  
  26  3:23  SCV  
  27  3:40  Starport  
  27  3:41  Stimpack  
  27  3:42  Marine  
  27  3:46  Factory Tech Lab  
  28  3:49  Marine  
  28  3:50  SCV  
  28  3:54  SCV  
  31  4:00  Marine x2  
  33  4:06  SCV  
  33  4:08  Marine x2  
  36  4:18  Medivac, Marine x2  
  36  4:23  Supply Depot  
  40  4:25  Marine  
  40  4:26  SCV  
  40  4:27  Supply Depot, SCV  
  43  4:38  SCV  
  44  4:39  SCV  
  44  4:44  Supply Depot, Marine x2  
  44  4:45  Siege Tank  
  50  4:47  Barracks Reactor  
  50  4:50  SCV  
  51  4:58  Marine  
  52  5:02  Terran Infantry Weapons Level 1, Marine x2  
  54  5:08  SCV  
  55  5:14  Starport Reactor  
  55  5:16  Marine  
  55  5:20  Marine  
  57  5:22  Marine  
  57  5:23  SCV x2  
  60  5:33  Marine x2  
  60  5:34  Marine  
  63  5:35  SCV  
  63  5:37  Marine  
  63  5:39  Marine  
  63  5:41  Combat Shields  
  66  5:50  Marine  
  66  5:51  Marine  
  68  5:58  Marine x2  
  70  6:04  Marine  
  70  6:05  Medivac x2, SCV x2  
  70  6:08  Marine x2  
  70  6:16  Marine x2  
  71  6:22  Marine  
  71  6:25  Barracks x2  
  71  6:26  Marine x2  
  71  6:27  Barracks  
  71  6:28  Barracks  
  73  6:34  Marine x2, SCV x2  
  77  7:02  Marine  
  77  7:03  Marine x3  
  78  7:10  Supply Depot  
  78  7:11  Supply Depot  
  78  7:13  Missile Turret  
  78  7:14  Missile Turret  
  78  7:17  Missile Turret  
  78  7:19  Missile Turret  
  78  7:20  Missile Turret x2  
  78  7:21  Supply Depot  
  78  7:22  Supply Depot  
  78  7:31  Medivac x2, Marine x2  
  78  7:32  SCV x2  
  78  7:34  Marine x2  
  78  7:36  Barracks Reactor  
  88  7:44  SCV x2  
  90  7:45  Marine x2  
  90  7:46  Marine x2  
  90  7:49  Marine x2  
  96  7:53  Marine x2  
  98  8:03  Marine x3  
  101  8:11  Marine x6  
  101  8:12  SCV x2  
  109  8:29  Command Center  
  109  8:34  Marine  
  109  8:40  Marine x8  
  109  8:41  Supply Depot, Marine  
  117  8:52  SCV  
  118  9:02  SCV, Marine x4  
  123  9:10  Missile Turret  
  123  9:11  Missile Turret  
  123  9:14  Terran Infantry Armor Level 1, Supply Depot  
  123  9:15  Supply Depot  
  123  9:19  Armory, Engineering Bay  
  123  9:20  Refinery  
  123  9:23  Marine  
  123  9:24  Refinery  
  124  9:31  SCV  
  124  9:33  Marine  
  124  9:35  Marine x2  
  128  9:41  Marine x3  
  131  9:55  Marine x6  
  131  9:56  Marine  
  131  9:58  Medivac x2  
  131  9:59  Marine x2  
  144  10:09  Orbital Command  
  144  10:16  Marine x3  
  144  10:17  Marine x4  
  144  10:21  Marine x3  
  152  10:23  SCV x2  
  156  10:34  Marine  
  156  10:35  Marine x2  
  152  10:44  Marine x4  
  152  10:45  Marine  
  157  10:50  Marine x2  
  140  10:58  Marine x3  
  140  11:02  Marine x5  
  130  11:07  Marine  
  130  11:08  Marine  
  125  11:15  Marine  
  125  11:16  Marine x2  
  122  11:20  Marine x5  
  127  11:25  Marine  
  127  11:26  Marine  
  129  11:33  Marine x2  
  129  11:34  Marine  
  129  11:38  Marine x5  
  136  11:43  Marine  
  136  11:44  Marine  
  132  11:48  Barracks x2  
  132  11:49  Terran Infantry Weapons Level 2, Terran Infantry Armor Level 2, Barracks  
  132  11:51  Barracks, Marine x3  
  132  11:52  Medivac, Siege Tank  
  132  11:53  Medivac  
  126  11:55  Marine x2  
  126  11:56  Marine x3  
  126  12:01  Marine  
  120  12:24  Siege Tank  
  120  12:26  Marine x6  
  129  12:37  Marine  
  129  12:38  Marine  
  131  12:48  Command Center  
  131  12:52  Marine x7  
  131  12:53  Marine, Command Center  
  131  12:55  Marine  
  131  12:56  Siege Tank  
  143  13:06  Marine  
  143  13:09  Marine  
  143  13:10  Marine x6  
  151  13:13  Marine x2  
  152  13:24  Marine  
  153  13:27  Marine x2  
  153  13:28  Marine  
  153  13:32  Marine  
  157  13:37  Marine x3  
  157  13:38  Marine x2  
  157  13:39  Siege Tank  
  148  13:42  Marine  
  148  13:45  Marine x3  
  152  13:50  Marine  
  152  13:54  Marine  
  152  13:55  Marine x3  
  155  14:00  Marine x2  
  155  14:02  Orbital Command  
  159  14:05  Orbital Command  
  152  14:18  Marine x3, Missile Turret  
  152  14:19  Marine x3  
  152  14:20  Marine  
  159  14:35  Marine x2  
  159  14:36  Marine x5  
  159  14:37  Marine x2, Missile Turret  
  168  14:54  Barracks  
  168  14:55  Barracks x2  
  168  14:58  Missile Turret  
  168  14:59  Marine x3  
  170  15:00  Marine x2  
  170  15:02  Marine x3  
  170  15:03  Marine x3  
  179  15:10  Marine  
  179  15:11  Marine x2  
  182  15:17  Marine x2, Missile Turret  
  182  15:18  Terran Infantry Weapons Level 3, Missile Turret  
  184  15:22  Terran Infantry Armor Level 3  
  184  15:23  Marine x3  
  187  15:46  Marine x3  
  187  15:47  Marine x8  
  189  15:59  Marine x3  
  176  16:04  Marine x3  
  176  16:05  Marine x2  
  176  16:08  Marine x4  
  176  16:09  Marine x2  
  172  16:17  Marine x3  
  172  16:18  SCV x3  
  178  16:22  Marine x5  
  182  16:26  Medivac  
  182  16:27  Medivac  
  186  16:43  Marine x4  
  186  16:46  Marine x5  
  186  16:47  Marine x2  
  197  16:56  Marine x3  
  145  17:31  Marine x3  
  145  17:32  Marine x7  
  145  17:33  Marine x4  
  137  17:49  Marine x3  
  137  17:50  Marine x3  
  147  17:56  Marine x4  
  148  18:07  Marine x4  
  148  18:08  Marine  
  152  18:14  Marine x4  
  155  18:25  Marine x3  
  159  18:31  Marine  
  159  18:32  Marine x3  
  159  18:43  Marine x3  
  160  18:49  Marine x2  
  156  18:55  Marine  
  156  19:02  Marine  
  157  19:03  Marine  
  157  19:15  Marine x4  
  150  19:20  Marine  
  150  19:21  Marine  
  142  19:33  Marine x4  
  142  19:38  Marine  
  146  19:39  Marine  
  148  19:50  Marine  
  148  19:51  Marine x3  
  152  19:56  Marine x2  
  154  20:05  Factory  
  154  20:06  Orbital Command  
  154  20:08  Marine x2  
  154  20:09  Marine  
  157  20:15  Supply Depot  
  157  20:16  Supply Depot  
  157  20:18  Supply Depot  
  157  20:19  Supply Depot  
  157  20:20  Building Armor, Hi-Sec Auto Tracking  
  157  20:21  Supply Depot  
  157  20:37  Marine x2  
  157  20:39  Marine x4  
  162  20:51  Missile Turret  
  162  20:53  Orbital Command  
  162  20:55  Marine x2  
  164  20:57  Marine x4  
  164  20:59  Missile Turret  
  164  21:00  Missile Turret  
  164  21:01  Missile Turret x2  
  164  21:02  Missile Turret x2  
  168  21:05  Missile Turret  
  168  21:13  Marine x2  
  168  21:14  Starport  
  168  21:15  Marine x4  
  171  21:30  Marine x2  
  162  21:33  Marine x4  
  163  21:48  Marine x2  
  163  21:51  Marine x4  
  169  22:06  Marine x2  
  171  22:08  Marine x4  
  171  22:10  Barracks  
  171  22:12  Barracks  
  171  22:13  Barracks x2  
  171  22:14  Barracks  
  175  22:15  Medivac  
  177  22:24  Marine x2  
  177  22:26  Marine x3, Starport  
  182  22:34  Marine  
  183  22:42  Marine x2  
  185  22:44  Marine x3  
  185  22:45  Medivac  
  190  22:51  Marine  
  186  23:00  Marine x2  
  186  23:02  Marine x3  
  153  23:09  Marine  
  149  23:12  Marine  
  149  23:13  Marine x2  
  149  23:14  Marine x2  
  149  23:15  Medivac  
  149  23:17  Marine x2  
  146  23:20  Marine x3  
  146  23:21  Medivac  
  151  23:27  Marine  
  151  23:30  Marine x2  
  151  23:31  Marine  
  151  23:32  Marine  
  151  23:33  Marine  
  157  23:35  Marine x2  
  157  23:37  Marine x3  
  162  23:45  Medivac, Marine  
  162  23:48  Marine x3  
  165  23:55  Marine x5  
  170  23:56  Marine x2  
  175  24:06  Marine x2  
  175  24:07  Marine x2  
  179  24:13  Marine x6  
  182  24:22  Marine  
  175  24:24  Marine x3  
  175  24:25  Marine  
  175  24:30  Marine  
  175  24:31  Marine x5  
  185  24:40  Marine  
  185  24:42  Marine x4  
  190  24:48  Marine x2  
  190  24:49  Marine x4  
  196  24:57  Marine  
  197  25:00  Marine  
  197  25:01  Marine, Orbital Command  
  197  25:03  Marine  
  198  25:08  Marine x4  
  197  25:21  Marine  
  173  25:37  Marine  
  170  25:43  Marine  
Tags
 
Add a new tag
Caveats
  • Supply blocks, unpowered buildings, or Contaminate may cause inaccurate times.
  • Supply counts are checked every 10 seconds.